 Dungeon Crawl Stone Soup version 0.30.1-3-gfc49f6343a (webtiles) character file.

Game seed: 4679385165861151523

39988 monsoonserge the Nimble (level 14, -12/130 HPs)
             Began as a Meteoran Berserker on July 20, 2023.
             Was a High Priest of Trog.
             Mangled by a death yak (20 damage)
             ... on level 5 of the Lair of Beasts.
             The game lasted 00:53:40 (7215 turns).

monsoonserge the Nimble (Meteoran Berserker)        Turns: 7215, Time: 00:53:42

Health: -12/130    AC: 15    Str: 21    XL:     14   Next: 82%
Magic:  0/15       EV: 23    Int: 11    God:    Trog [*****.]
Gold:   1071       SH:  0    Dex: 24    Spells: 13/13 levels left

rFire   + + .        s - +11 dagger of the Everdark {drain, Drain Will+ Dex+7 SInv}
rCold   + . .        (no shield)
rNeg    . . .        V - +4 ring mail {rC+}
rPois   .            c - +0 helmet
rElec   +            Q - scarf {rC+ rF+}
rCorr   +            h - +0 pair of gloves
SInv    +            (no boots)
Will    ++++.        T - amulet of guardian spirit
Stlth   +            N - +6 ring of dexterity
HPRegen 1.41/turn    d - ring of Vasizoh {Fire rElec rCorr Dex-4 Slay+3}
MPRegen 0.14/turn

%: guardian spirit
@: strong-willed, on berserk cooldown, regenerating, slowed, glowing, very slow
A: sense surroundings 2, otherworldly, glowing, explore regen
a: Renounce Religion, Berserk, Trog's Hand, Brothers in Arms


You were on level 5 of the Lair of Beasts.
You worshipped Trog.
Trog was extremely pleased with you.
You visited 3 branches of the dungeon, and saw 16 of its levels.
You also visited: Gauntlet.

You collected 1110 gold pieces.
You spent 39 gold pieces at shops.

Inventory:

Hand Weapons
 i - a +0 longbow
 s - the +11 dagger of the Everdark (weapon) {drain, Drain Will+ Dex+7 SInv}
   (You found it on level 3 of the Dungeon)

   Dex:       It affects your dexterity (+7).
   SInv:      It lets you see invisible.
   Drain:     It drains your maximum health when unequipped.
   Will:      It increases your willpower.
 B - the +4 long sword of Sharkskin {freeze, Fly rF+ Will+}
   (You found it on level 4 of the Dungeon)

   rF:        It protects you from fire.
   Fly:       It grants you flight.
   Will:      It increases your willpower.
 E - the +6 hand axe of Fortitude {heavy, Will+}
   (You found it on level 4 of the Lair of Beasts)

   Will:      It increases your willpower.
 W - a +5 morningstar of holy wrath
Missiles
 e - 5 silver javelins
 v - 21 poisoned darts (quivered)
 I - a curare-tipped dart
 M - 13 boomerangs
Armour
 c - a +0 helmet (worn)
 h - a +0 pair of gloves (worn)
 q - a +2 plate armour of cold resistance
 w - a +2 cloak of preservation
 P - +0 acid dragon scales
 Q - a scarf of resistance (worn)
 V - a +4 ring mail of cold resistance (worn)
Jewellery
 d - the ring of Vasizoh (right hand) {Fire rElec rCorr Dex-4 Slay+3}
   (You found it in a Gauntlet)

   [ring of fire]

   It enhances your fire magic.
   Dex:       It affects your dexterity (-4).
   Slay:      It affects your accuracy & damage with ranged weapons and melee
   (+3).
   rF:        It protects you from fire.
   rC:        It makes you vulnerable to cold.
   rElec:     It insulates you from electricity.
   rCorr:     It protects you from acid and corrosion.
 f - a ring of resist corrosion
 y - a ring of willpower
 N - a +6 ring of dexterity (left hand)
 R - a ring of flight
 T - an amulet of guardian spirit (around neck)
Wands
 k - a wand of polymorph (8)
 t - a wand of roots (32)
 u - a wand of charming (3)
 L - a wand of flame (5)
 O - a wand of quicksilver (6)
Scrolls
 b - 2 scrolls of enchant armour {unknown}
 g - 2 scrolls of amnesia {unknown}
 j - 3 scrolls of silence
 l - 3 scrolls of enchant weapon
 n - a scroll of summoning {unknown}
 x - 3 scrolls of immolation {unknown}
 A - 3 scrolls of magic mapping
 C - a scroll of fear {unknown}
 F - 3 scrolls of poison
 J - 5 scrolls of teleportation
 K - 2 scrolls of blinking {unknown}
 X - a scroll of fog {unknown}
Potions
 a - 2 potions of ambrosia {unknown}
 m - 2 potions of might
 o - a potion of berserk rage {unknown}
 p - 6 potions of lignification
 r - 4 potions of attraction
 z - a potion of cancellation {unknown}
 D - 2 potions of curing
 G - 4 potions of mutation
 H - a potion of degeneration {unknown}
 S - 2 potions of haste
 Z - a potion of heal wounds {unknown}
Miscellaneous
 U - a piece from Xom's chessboard (15/15)
 Y - a condenser vane


   Skills:
 + Level 13.8 Fighting
 - Level 13.0 Short Blades
 + Level 3.8 Axes
 - Level 0.3(2.5) Maces & Flails
 + Level 1.6 Throwing
 + Level 12.8 Armour
 + Level 14.6 Dodging
 - Level 1.0 Stealth
 * Level 5.9 Evocations


You had 13 spell levels left.
You didn't know any spells.
Your spell library contained the following spells:

 Spells                   Type           Power      Damage    Failure   Level
 Apportation              Tloc           0%         N/A       45%         1
 Kiss of Death            Conj/Necr      0%         2d5       45%         1
 Necrotise                Necr           0%         1d4       45%         1
 Summon Small Mammal      Summ           0%         N/A       45%         1
 Lesser Beckoning         Tloc           0%         N/A       61%         2
 Scorch                   Fire           0%         2d5       61%         2
 Sublimation of Blood     Necr           0%         N/A       61%         2
 Call Canine Familiar     Summ           0%         N/A       83%         3
 Confusing Touch          Hex            0%         N/A       83%         3
 Gell's Gravitas          Tloc           0%         N/A       83%         3
 Hailstorm                Conj/Ice       0%         3d3       83%         3
 Ignite Poison            Fire/Tmut/Pois 0%         N/A       83%         3
 Portal Projectile        Hex/Tloc       0%         N/A       83%         3
 Teleport Other           Tloc           0%         N/A       83%         3
 Animate Dead             Necr           0%         N/A       99%         4
 Dispel Undead            Necr           0%         3d6       99%         4
 Flame Wave               Conj/Fire      0%         2d4       99%         4
 Ice Form                 Ice/Tmut       0%         N/A       99%         4
 Leda's Liquefaction      Hex/Erth       0%         N/A       99%         4
 Petrify                  Tmut/Erth      0%         N/A       99%         4
 Sticky Flame             Conj/Fire      0%         2d3       99%         4
 Borgnjor's Vile Clutch   Necr/Erth      0%         N/A       100%        5
 Fireball                 Conj/Fire      0%         3d3       100%        5
 Irradiate                Conj/Tmut      0%         3d11      100%        5
 Iskenderun's Battlesphe  Conj           0%         2d6       100%        5
 Conjure Ball Lightning   Conj/Air       0%         3x3d6     100%        6
 Death Channel            Necr           0%         N/A       100%        6
 Simulacrum               Ice/Necr       0%         N/A       100%        6
 Summon Cactus Giant      Summ           0%         N/A       100%        6
 Orb of Destruction       Conj           0%         9d5       100%        7
 Ignition                 Fire           0%         3d3       100%        8


Dungeon Overview and Level Annotations

Branches:
Dungeon (10/15) Zot: 2098  Temple (1/1) D:7 Zot: 545    Lair (5/5) D:8 Zot: 630
 Shoals (0/4) Lair:3       Spider (0/4) Lair:2        Slime (0/5) Lair:4
Gauntlet (visited)
    Orc: D:9-12

Altars:
Elyvilon
Gozag
Kikubaaqudgha
Nemelex Xobeh
Okawaru
Qazlal
Trog
Vehumet

Shops:
D:5 *

Annotations:
D:3 1 runed translucent door


Innate Abilities, Weirdness & Mutations

You passively map the area around you.
You are easily found by Zot.
You glow in the dark.
You regain HP and MP as you explore.


Message History

The death yak is moderately wounded.
The death yak gores you. The death yak gores you! x2
You hit the death yak. You drain the death yak.
The death yak is moderately wounded.
The death yak barely misses you. The death yak completely misses you.
The death yak barely misses you.
Your skin crawls.
You feel strong-willed. The death yak misses you. The death yak gores you!
* * * LOW HITPOINT WARNING * * *
The death yak gores you but does no damage.
You hit the death yak but do no damage.
The death yak is moderately wounded.
The death yak gores you.
* * * LOW HITPOINT WARNING * * *
The death yak misses you. The death yak gores you!
* * * LOW HITPOINT WARNING * * *
Unknown command.
Your troll goes berserk!
The death yak gores you!
* * * LOW HITPOINT WARNING * * *
The death yak misses you.
The death yak gores you but does no damage.
Unknown command.
Okay, then.
You barely miss the death yak.
The death yak is moderately wounded.
The death yak gores you!
* * * LOW HITPOINT WARNING * * *
The death yak barely misses you. The death yak misses you.
Your troll bites the death yak but does no damage.
Your troll claws the death yak.
Your troll claws the death yak!
You feel better.
Your troll bites the death yak!!
Your troll claws the death yak.
Your troll barely misses the death yak.
The death yak gores you!
* * * LOW HITPOINT WARNING * * *
The death yak completely misses you. The death yak misses you.
Your troll bites the death yak!
Your troll barely misses the death yak. x2
The death yak completely misses you. The death yak gores you!!
You die...

###.......P....÷.........#
##.......####....P....÷#
##..♣.### ##..........
###### ###.......#
#.##....P.. ##..##÷.P†..
#....#...... # #######
###.........P
*,..###.PY@P###.#.........#
, .......YY............^.##
......T..............#†#
,....................††##
.....................##
,......................#
,.....................## ,
P#.#.###.....##......# ## *
# ## ##.#.##P......###.


You could see 3 death yaks and a friendly troll (summoned, berserk).

Vanquished Creatures
  A quicksilver ooze (Gauntlet)
  A minotaur (Gauntlet)
  3 hydras
  2 catoblepae
  A centaur warrior (D:9)
  A deep troll shaman (Lair:5)
  6 death yaks (Lair:5)
  A skyshark (Lair:3)
  3 sixfirhies (Gauntlet)
  An orb spider (Lair:2)
  Pikel (D:5)
  6 black mambas
  7 elephants
  8 cane toads
  Psyche (D:8)
  Maggie (D:7)
  A kobold demonologist (D:9)
  3 rime drakes
  8 komodo dragons
  A burning bush (Lair:4)
  4 polar bears
  9 blink frogs
  A snapping turtle (Lair:3)
  Sigmund (D:2)
  2 wyverns
  24 yaks
  Grum (D:8)
  6 basilisks
  A vampire mosquito (D:7)
  15 water moccasins
  An acid dragon (D:9)
  4 orc warriors
  A black bear (D:8)
  3 sky beasts
  2 ice beasts
  The ghost of Babbit the Covered, an amateur MiFi (D:3)
  19 wolves
  3 ogres
  3 centaurs
  2 lemures (D:5)
  3 phantoms
  3 kobold brigands
  17 bullfrogs
  A gnoll sergeant (D:9)
  3 scorpions
  3 wights (D:8)
  21 killer bees
  5 howler monkeys
  3 hounds
  6 jellies
  3 orc priests
  Crazy Yiuf (D:2)
  A sleepcap (D:7)
  Jessica (D:2)
  Ijyb (D:3)
  2 iguanas
  An orc wizard (D:7)
  A hell rat (Lair:2)
  Robin (D:4)
  10 adders
  9 gnolls
  A shadow imp (D:7)
  A white imp (D:6)
  2 worms
  A dart slug (D:3)
  33 orcs
  4 bats
  3 endoplasms (D:4)
  4 giant cockroaches
  20 goblins
  7 hobgoblins
  5 jackals
  5 quokkas
  5 ball pythons
  A frilled lizard (D:3)
  10 kobolds
  7 rats
365 creatures vanquished.

Vanquished Creatures (collateral kills)
  A komodo dragon (Lair:5)
  3 blink frogs (Lair:5)
  4 yaks (Lair:5)
  An orc warrior (D:9)
  2 gnolls (D:9)
  An orc (D:9)
  A butterfly (Lair:5)
13 creatures vanquished.

Grand Total: 378 creatures vanquished

Notes
Turn   | Place    | Note
-------+----------+-------------------------------------------
     0 | D:1      | monsoonserge the Meteoran Berserker began the quest for the
                  | Orb.
     0 | D:1      | Reached XP level 1. HP: 19/19 MP: 2/2
    49 | D:1      | Reached XP level 2. HP: 26/26 MP: 3/3
   326 | D:1      | Reached XP level 3. HP: 33/33 MP: 4/4
   416 | D:1      | Reached ** piety under Trog
   644 | D:3      | Found a runed translucent door.
   645 | D:3      | Noticed Babbit's ghost (amateur MiFi)
   645 | D:3      | Noticed a bullfrog
   662 | D:3      | Identified the +9 dagger "Kinaury" {drain, rElec Int+6
                  | Dex+4 SInv}
   687 | D:3      | Reached skill level 3 in Dodging
   687 | D:3      | Reached XP level 4. HP: 39/40 MP: 5/5
   733 | D:3      | Found a runed translucent door.
   742 | D:3      | Identified the +11 dagger of the Everdark {drain, Drain
                  | Will+ Dex+7 SInv}
   756 | D:3      | Noticed Ijyb
   772 | D:3      | Killed Ijyb
   780 | D:3      | Reached XP level 5. HP: 25/47 MP: 6/6
   832 | D:2      | Found a runed translucent door.
   833 | D:2      | Noticed Crazy Yiuf
   842 | D:2      | Killed Crazy Yiuf
   871 | D:2      | Noticed Sigmund
   879 | D:2      | Killed Sigmund
   880 | D:2      | Reached skill level 5 in Fighting
   880 | D:2      | Reached skill level 1 in Short Blades
   880 | D:2      | Reached skill level 4 in Dodging
   880 | D:2      | Reached XP level 6. HP: 48/56 MP: 7/7
   968 | D:2      | Noticed Jessica
   970 | D:2      | Killed Jessica
   971 | D:2      | Reached skill level 5 in Armour
  1024 | D:3      | Reached XP level 7. HP: 61/61 MP: 8/8
  1131 | D:3      | Killed Babbit's ghost
  1135 | D:3      | Reached *** piety under Trog
  1271 | D:4      | Reached XP level 8. HP: 50/69 MP: 9/9
  1371 | D:4      | Noticed Robin
  1401 | D:4      | Killed Robin
  1421 | D:4      | Identified the +4 long sword of Sharkskin {freeze, Fly rF+
                  | Will+}
  1530 | D:5      | Entered Level 5 of the Dungeon
  1587 | D:4      | Reached skill level 5 in Dodging
  1899 | D:5      | Noticed Pikel
  1917 | D:5      | Killed Pikel
  1918 | D:5      | Gained mutation: You passively map the area around you.
                  | [Meteoran growth]
  1918 | D:5      | Reached XP level 9. HP: 51/75 MP: 10/10
  2039 | D:5      | Reached **** piety under Trog
  2230 | D:5      | Found Qatown's General Store.
  2236 | D:5      | Bought a scroll of teleportation for 39 gold pieces
  2386 | D:7      | Found a stormy altar of Qazlal.
  2397 | D:7      | Identified the +5 whip "Aletelae" {antimagic, rN+}
  2540 | D:7      | Reached XP level 10. HP: 84/84 MP: 11/11
  2611 | D:7      | Noticed Maggie
  2620 | D:7      | Killed Maggie
  2700 | D:6      | Reached ***** piety under Trog
  2955 | D:7      | Found a staircase to the Ecumenical Temple.
  2966 | Temple   | Entered the Ecumenical Temple
  3169 | D:8      | Noticed Psyche
  3170 | D:8      | Found a radiant altar of Vehumet.
  3174 | D:8      | Killed Psyche
  3175 | D:8      | Reached skill level 6 in Dodging
  3179 | D:8      | Reached skill level 10 in Short Blades
  3210 | D:8      | Reached XP level 11. HP: 91/94 MP: 12/12
  3239 | D:8      | Reached skill level 1 in Stealth
  3404 | D:8      | Found a staircase to the Lair.
  3436 | D:8      | Noticed Grum
  3452 | D:8      | Killed Grum
  3461 | D:8      | Reached skill level 1 in Throwing
  3553 | D:8      | Found a bloodstained altar of Trog.
  3637 | D:9      | Reached skill level 7 in Dodging
  3639 | D:9      | Noticed a sixfirhy
  3706 | D:9      | Noticed a centaur warrior
  3717 | D:9      | Killed a centaur warrior
  3718 | D:9      | Reached skill level 10 in Armour
  3925 | D:9      | Reached skill level 8 in Dodging
  3936 | D:10     | Entered Level 10 of the Dungeon
  3937 | D:10     | Noticed a two-headed ogre
  4130 | Lair:1   | Entered Level 1 of the Lair of Beasts
  4329 | Lair:1   | Reached XP level 12. HP: 62/106 MP: 13/13
  4493 | Lair:1   | Reached skill level 9 in Dodging
  4504 | Lair:1   | Reached skill level 10 in Fighting
  4675 | Lair:2   | Found a gate leading to a gauntlet.
  4684 | Gauntlet | Entered a Gauntlet
  4684 | Gauntlet | Found a transporter.
  4685 | Gauntlet | Noticed a sixfirhy
  4686 | Gauntlet | Noticed a sixfirhy
  4687 | Gauntlet | Found a transporter.
  4687 | Gauntlet | Noticed a sixfirhy
  4688 | Gauntlet | Found a transporter.
  4694 | Gauntlet | Found a transporter.
  4697 | Gauntlet | Noticed a death yak
  4697 | Gauntlet | Noticed a death yak
  4697 | Gauntlet | Noticed a death yak
  4698 | Gauntlet | Noticed a death yak
  4698 | Gauntlet | Noticed a death yak
  4699 | Gauntlet | Noticed a death yak
  4701 | Gauntlet | Noticed a death drake
  4702 | Gauntlet | Noticed a necromancer
  4703 | Gauntlet | Found a transporter.
  4703 | Gauntlet | Found a transporter.
  4710 | Gauntlet | Found a transporter.
  4711 | Gauntlet | Noticed a quicksilver ooze
  4716 | Gauntlet | Found a transporter.
  4744 | Gauntlet | Found a transporter.
  4744 | Gauntlet | Noticed an orange crystal statue
  4762 | Gauntlet | Found a transporter.
  4766 | Gauntlet | Found a transporter.
  4771 | Gauntlet | Noticed a reaper
  4778 | Gauntlet | Found a transporter.
  4850 | Gauntlet | Killed a sixfirhy
  4851 | Gauntlet | Reached skill level 10 in Dodging
  4857 | Gauntlet | Killed a sixfirhy
  4865 | Gauntlet | Killed a sixfirhy
  4940 | Gauntlet | Killed a quicksilver ooze
  4955 | Gauntlet | Identified the ring of Vasizoh {Fire rElec rCorr Dex-4
                  | Slay+3}
  4975 | Gauntlet | Noticed a minotaur
  4994 | Gauntlet | Killed a minotaur
  4995 | Gauntlet | Reached skill level 11 in Dodging
  5124 | Lair:2   | Noticed an eight-headed hydra
  5132 | Lair:2   | Killed an eight-headed hydra
  5208 | Lair:3   | Noticed a skyshark
  5217 | Lair:2   | Reached XP level 13. HP: 116/116 MP: 14/14
  5270 | Lair:2   | Noticed a catoblepas
  5284 | Lair:2   | Received a gift from Trog
  5315 | Lair:2   | Killed a catoblepas
  5316 | Lair:2   | Reached skill level 12 in Dodging
  5429 | Lair:2   | Noticed a six-headed hydra
  5457 | Lair:2   | Killed a six-headed hydra
  5517 | Lair:2   | Found a hole to the Spider Nest.
  5880 | Lair:3   | Found a staircase to the Shoals.
  5967 | Lair:3   | Reached skill level 13 in Dodging
  5967 | Lair:3   | Reached skill level 1 in Evocations
  6269 | Lair:4   | Found a staircase to the Slime Pits.
  6315 | Lair:4   | Reached XP level 14. HP: 76/127 MP: 10/15
  6404 | Lair:4   | Identified the +6 hand axe of Fortitude {heavy, Will+}
  6684 | Lair:5   | Entered Level 5 of the Lair of Beasts
  6798 | Lair:5   | Reached ****** piety under Trog
  6978 | Lair:5   | Reached skill level 14 in Dodging
  7038 | Lair:5   | Reached skill level 5 in Evocations
  7214 | Lair:5   | HP: 5/130 [death yak (7)]
  7215 | Lair:5   | Mangled by a death yak

Illustrated notes

Levels and vault maps discovered:
D:1:      spicycebolla_arrival_ecumenical, layout_basic
D:2:      layout_loops_cross, basic_altar, uniq_crazy_yiuf_cottage,
          uniq_sigmund, uniq_jessica
D:3:      layout_basic, ebering_ghost_sewer_f, uniq_ijyb
D:4:      kennysheep_goblin_castle, layout_cave_pods
D:5:      layout_loops_cross, serial_shops, shop_fountains, uniq_pikel
D:6:      layout_basic
D:7:      layout_loops_cross, nicolae_overflow_crystal_walls,
          minmay_temple_entry_junction_2, uniq_maggie
D:8:      layout_loops_cross, fiery_altar_vehumet,
          mainiacjoe_overflow_tiny_flanked, due_lair_maze_entry_diamond,
          eino_jars, uniq_grum, uniq_psyche
D:9:      layout_basic, kennysheep_just_a_vault
D:10:     layout_basic, orc_david_3
Temple:   hellmonk_temple_of_storms
Lair:1:   layout_cave_shapes, serial_bayou_shore_b, grunt_megastairs_4
Lair:2:   nzn_winding_woodlands_stair_trap [nzn_winding_woodlands_5x15_jagged,
          nzn_winding_woodlands_5x15_sawtooth,
          nzn_winding_woodlands_5x15_default,
          nzn_winding_woodlands_15x15_five_gardens,
          nzn_winding_woodlands_5x15_zeroes, nzn_winding_woodlands_5x15_default,
          nzn_winding_woodlands_5x15_river_crossing], layout_gridlike,
          nicolae_spider_entry_orb_guardian, gauntlet_entry_generic,
          lemuel_another_geyser
Lair:3:   layout_misc_corridors, minmay_shoals_entry_hut, grunt_megastairs_2
Lair:4:   layout_regular_city, nicolae_slime_entry_field_trip, evilmike_ambush
          [evilmike_ambush_outer_basic, evilmike_ambush_inner_pond],
          grunt_megastairs_3
Lair:5:   grunt_lair_end_beastmaster, layout_big_grid, minivault_25,
          chequers_serial_rivers_micro_b, lemuel_fruit_fields

Skill      XL: |  1  2  3  4  5  6  7  8  9 10 11 12 13 14 |
---------------+-------------------------------------------+-----
Fighting       | 4 5 6 8 9 11 12 13 | 13.8
Armour         | 3 4 5 6 7 8 9 10 11 12 | 12.8
Dodging        | 3 4 5 6 8 11 13 14 | 14.6
Short Blades   | 1 3 6 8 10 11 12 13 | 13.0
Stealth        | 1 |  1.0
Throwing       | 1 |  1.6
Evocations     | 2 5 |  5.9
Axes           | |  3.8
Maces & Flails | |  0.3

Action                     |  1- 3 |  4- 6 |  7- 9 | 10-12 | 13-15 || total
---------------------------+-------+-------+-------+-------+-------++-------
  Melee: Hand axe          |    12 |       |       |       |       ||    12
         Whip              |    49 |       |       |       |       ||    49
         Punch             |     1 |       |     5 |     3 |     4 ||    13
         Dagger            |     5 |    46 |   210 |   524 |   554 ||  1339
  Throw: Dart              |       |       |     1 |       |     3 ||     4
         Boomerang         |       |       |       |     2 |       ||     2
 Invoke: Berserk           |       |       |       |     4 |     2 ||     6
         Trog's Hand       |       |       |       |     1 |     2 ||     3
         Brothers in Arms  |       |       |       |     1 |     2 ||     3
    Use: Scroll            |       |       |       |     9 |     4 ||    13
         Potion            |       |       |       |       |     1 ||     1
   Stab: Sleeping          |       |       |       |     1 |       ||     1
         Petrified         |       |       |       |       |     2 ||     2
         Petrifying        |       |       |       |       |     2 ||     2
 Armour: Animal skin       |     4 |       |       |       |       ||     4
         Ring mail         |    33 |    14 |       |     8 |   105 ||   160
         Chain mail        |       |     6 |    95 |     2 |       ||   103
         Acid dragon scale |       |       |       |   118 |       ||   118
  Dodge: Dodged            |    34 |    24 |    84 |   361 |   336 ||   839
